 Dungeon Crawl Stone Soup version 0.14.2 (webtiles) character file.

1692 WilliamPratt the Caller (level 8, -1/45 HPs)
             Began as a Tengu Summoner on Nov 1, 2016.
             Was a Follower of Zin.
             Slain by a killer bee (9 damage)
             ... on Level 8 of the Dungeon.
             The game lasted 01:05:40 (6199 turns).

WilliamPratt the Caller (Tengu Summoner)            Turns: 6199, Time: 01:05:40

HP  -1/45        AC  9     Str  9      XL: 8   Next: 85%
MP  11/22        EV 12     Int 17      God: Zin [*.....]
Gold 162         SH  0     Dex 16      Spells:  5 memorised,  1 level left

rFire  . . .     SeeInvis .     a - +0,+4 spear (slay drac)
rCold  + . .     Clarity  +     E - +3 leather armour {rC+}
rNeg   . . .     Conserve .     (no shield)
rPois  .         rCorr    .     (helmet restricted)
rElec  .         rRot     .     w - +1 cloak {+Inv}
SustAb . .       Spirit   .     q - +0 pair of gloves
rMut   .         Warding  .     (boots unavailable)
Saprov . . .     Stasis   .     t - amulet of clarity
MR     .....                    D - +1 ring of dexterity
                                m - ring of invisibility

@: not resistant to hostile enchantments, fairly stealthy
A: able to fly, beak, talons 3
a: Fly, Recite, Renounce Religion, Evoke Invisibility


You were on level 8 of the Dungeon.
You worshipped Zin.
Zin was aware of your devotion.
You were hungry.

You visited 2 branches of the dungeon, and saw 10 of its levels.

You collected 228 gold pieces.
You spent 48 gold pieces at shops.
You donated 18 gold pieces.

Inventory:

Hand weapons
 a - a +0,+4 spear of dragon slaying (weapon)
 y - a +2,+1 dagger of holy wrath
 I - a +1,+2 dagger of protection
 K - a +1,+3 trident
Missiles
 h - 14 darts (quivered)
 p - 13 exploding darts
 s - 7 tomahawks
Armour
 e - a +0 pair of gloves
 j - a +0 leather armour
 q - a +0 pair of gloves (worn)
 r - a +0 robe
 w - a +1 cloak of darkness (worn)
 z - a +0 cloak
 E - a +3 leather armour of cold resistance (worn)
Magical devices
 k - a wand of slowing (15)
 v - a wand of cold (9)
 M - a wand of disintegration (10) {unknown}
 P - a wand of confusion (14) {unknown}
 R - a wand of confusion (10) {unknown}
Comestibles
 c - 3 bread rations
 n - 4 meat rations
 A - a chunk of rat flesh
 B - a rotting chunk of giant gecko flesh
 S - a chunk of adder flesh
Scrolls
 d - 2 scrolls of immolation
 f - 2 scrolls of recharging
 i - 3 scrolls of enchant weapon II
 l - 3 scrolls of teleportation
 o - 3 scrolls of identify
 u - a scroll of remove curse
 J - a scroll of blinking
 O - 3 scrolls of magic mapping {unknown}
Jewellery
 m - a ring of invisibility (left hand)
 t - an amulet of clarity (around neck)
 D - a +1 ring of dexterity (right hand)
Potions
 x - 4 potions of might
 C - a potion of magic
 F - a potion of berserk rage {unknown}
 G - a potion of agility {unknown}
 H - a potion of curing
 Q - 2 potions of poison {unknown}
Books
 g - a book of Callings

   Spells                             Type                      Level
   *Summon Small Mammal               Summoning                    1
   Call Imp                           Summoning                    2
   *Call Canine Familiar              Summoning                    3
   *Summon Guardian Golem             Hexes/Summoning              4
   *Summon Lightning Spire            Summoning/Air                4
   *Summon Ice Beast                  Ice/Summoning                4
 L - a book of Control

   Spells                             Type                      Level
   Control Teleport                   Charms/Translocation         4
   Control Undead                     Necromancy                   4
   Enslavement                        Hexes                        4
   Metabolic Englaciation             Hexes/Ice                    5
   Mass Confusion                     Hexes                        6
Magical staves
 N - an uncursed staff of cold
Rods
 b - a +0 rod of the swarm (10/10)
   (You took it off a kobold on level 4 of the Dungeon)


   Skills:
 * Level 2.9 Fighting
 - Level 2.1 Polearms
 - Level 4.0 Dodging
 - Level 2.0 Stealth
 * Level 5.2 Spellcasting
 * Level 1.8 Hexes
 * Level 7.6 Summonings
 - Level 1.0 Ice Magic
 * Level 3.8 Air Magic
 - Level 2.0 Invocations
 - Level 3.0 Evocations


You had one spell level left.
You knew the following spells:

 Your Spells              Type           Power        Failure   Level  Hunger
a - Summon Small Mammal   Summ           ####         1%          1    None
b - Summon Ice Beast      Ice/Summ       ###.....     24%         4    ####...
c - Call Canine Familiar  Summ           ####....     1%          3    ###....
g - Summon Guardian Gole  Hex/Summ       ###.....     21%         4    ####...
s - Summon Lightning Spi  Summ/Air       ###.....     14%         4    ####...


Dungeon Overview and Level Annotations

Branches:
Dungeon (9/15)             Temple (1/1) D:5
    Orc: D:9-12        Lair: D:8-11

Altars:
Ashenzari
Cheibriados
Dithmenos
Elyvilon
Fedhas
Kikubaaqudgha
Makhleb
Nemelex Xobeh
Okawaru
Sif Muna
Trog
Vehumet
Xom
Yredelemnul
Zin
The Shining One

Shops:
D:6 *?}?*

Annotations:
D:2 Sigmund


Innate Abilities, Weirdness & Mutations

You can fly.
You have a beak for a mouth.
You have claws for feet.


Message History

The killer bee is almost dead.
* * * LOW HITPOINT WARNING * * *
You feel sick.
The killer bee stings you but does no damage.
The killer bee barely misses you.
Your hound misses the killer bee. The killer bee barely misses you.
Your hound closely misses the killer bee.
The killer bee stings you.
* * * LOW HITPOINT WARNING * * *
Drink which item? (? for menu, Esc to quit)
You feel better. The killer bee barely misses you.
The killer bee stings you but does no damage.
The killer bee stings you.
* * * LOW HITPOINT WARNING * * *
Your hound closely misses the killer bee.
The killer bee barely misses you.
You closely miss the killer bee.
The killer bee is almost dead.
The killer bee stings you!
You die...

#.......# #.......#
###.......##
..+........#
.##........#
.##........#
.##.......)#
.#########.#######
.............).k@#
[#.#######.#####k#
................8h.#
.#.#..##.#.#####.###
.#.#.....#.#.. ...
.#.##.####.#.# #.#
.#.##....#.#.# #.#
.#.#####.#.#.# #.#
.#.#####.#.#.# #.#


You could see 2 killer bees, a friendly lightning spire and a friendly hound.

Vanquished Creatures
  A phantom (D:4)
  A scorpion (D:8)
  A crimson imp (D:8)
  An elf zombie (D:7)
  A hound (D:6)
  A worker ant (D:5)
  The ghost of WilliamPratt the Caller, a weakling DESu (D:3)
  2 gnolls
  An adder (D:9)
  A giant mite (D:4)
  An adder zombie (D:8)
  3 giant geckos
  5 orcs
  A bat skeleton (D:5)
  A giant cockroach (D:7)
  5 hobgoblins
  2 jackals (D:4)
  3 kobolds
  A ball python (D:4)
  2 bats (D:4)
  3 giant newts
  A giant spore (D:8)
  3 goblins
  An orc skeleton (D:4)
  2 rats
  7 ballistomycetes
52 creatures vanquished.

Vanquished Creatures (collateral kills)
  A hippogriff (D:8)
  A yak (D:9)
  An orc warrior (D:7)
  2 sky beasts
  A centaur (D:8)
  An ogre (D:4)
  An ice beast (D:7)
  2 phantoms
  A giant frog (D:7)
  A scorpion (D:6)
  2 hounds (D:6)
  A jelly (D:6)
  A centaur skeleton (D:5)
  Crazy Yiuf (D:3)
  5 orc priests
  4 orc wizards
  A giant frog zombie (D:7)
  A giant frog skeleton (D:5)
  A sheep (D:9)
  4 iguanas
  5 worker ants
  6 gnolls
  9 adders
  A shadow imp (D:8)
  3 worms
  6 giant geckos
  2 oozes
  17 orcs
  3 ball pythons
  2 giant cockroaches
  10 goblins
  4 hobgoblins
  9 jackals
  2 quokkas
  3 bats
  A giant newt (D:2)
  2 giant spores
  6 kobolds
  A quokka zombie (D:9)
  10 rats
  2 ballistomycetes
137 creatures vanquished.

Vanquished Creatures (others)
  A hydra zombie (D:9)
  3 guardian golems
  A killer bee (D:4)
  24 hounds
  A worker ant (D:5)
  3 lightning spires
  5 white imps
  3 shadow imps
  A goblin (D:5)
  4 quokkas
  A bat (D:5)
  A kobold (D:5)
  7 rats
55 creatures vanquished.

Grand Total: 244 creatures vanquished

Notes
Turn   | Place    | Note
--------------------------------------------------------------
     0 | D:1      | WilliamPratt, the Tengu Summoner, began the quest for the Orb.
     0 | D:1      | Reached XP level 1. HP: 10/10 MP: 3/3
    71 | D:1      | Reached skill level 5 in Summonings
   189 | D:1      | Reached XP level 2. HP: 6/15 MP: 3/5
   193 | D:1      | Learned a level 2 spell: Call Imp
   490 | D:2      | Noticed Sigmund
   971 | D:3      | Reached XP level 3. HP: 16/19 MP: 4/7
   976 | D:3      | Learned a level 3 spell: Call Canine Familiar
  1180 | D:4      | Reached XP level 4. HP: 22/24 MP: 4/10
  1190 | D:4      | Noticed an ogre
  1201 | D:4      | Killed an ogre
  1306 | D:3      | Reached skill level 1 in Polearms
  1374 | D:2      | You fall through a shaft!
  1392 | D:3      | Noticed WilliamPratt's ghost (weakling DESu)
  1400 | D:3      | Killed WilliamPratt's ghost
  1400 | D:3      | Reached skill level 1 in Fighting
  1400 | D:3      | Reached XP level 5. HP: 27/29 MP: 3/13
  1596 | D:3      | Noticed Crazy Yiuf
  1628 | D:3      | Killed Crazy Yiuf
  2042 | D:4      | Noticed a sky beast
  2112 | D:4      | Killed a sky beast
  2390 | D:4      | Reached skill level 6 in Summonings
  2390 | D:4      | Reached XP level 6. HP: 34/34 MP: 10/15
  2396 | D:4      | Learned a level 4 spell: Summon Lightning Spire
  2432 | D:4      | Noticed a phantom
  2483 | D:4      | Killed a phantom
  2483 | D:4      | Reached skill level 1 in Air Magic
  2483 | D:4      | Reached skill level 1 in Evocations
  2491 | D:4      | Noticed a phantom
  2542 | D:4      | Killed a phantom
  2605 | D:5      | Entered Level 5 of the Dungeon
  2620 | D:5      | Found a staircase to the Ecumenical Temple.
  2969 | D:4      | Identified a +0 rod of the swarm (4/10) (You took it off a kobold on level 4 of the Dungeon)
  3079 | D:5      | Reached XP level 7. HP: 21/38 MP: 10/18
  3128 | Temple   | Entered the Ecumenical Temple
  3350 | Temple   | Became a worshipper of Elyvilon the Healer
  3407 | D:6      | Learned a level 4 spell: Summon Guardian Golem
  3416 | D:6      | Found Threxad's Magic Scroll Shoppe.
  3480 | D:6      | Found Liossi Hikeo's Assorted Antiques.
  3526 | D:6      | Bought a glowing leather armour for 48 gold pieces
  3611 | D:6      | Found Gusotz's Gadget Emporium.
  3646 | D:6      | Found Gupteuli's Magic Scroll Boutique.
  3659 | D:6      | Found Gaopauqe's General Store.
  3913 | D:7      | Reached skill level 1 in Invocations
  4136 | D:7      | Found an ancient bone altar of Kikubaaqudgha.
  4251 | D:7      | Found a deep blue altar of Sif Muna.
  4603 | D:8      | Reached XP level 8. HP: 45/45 MP: 18/21
  4717 | D:8      | Learned a level 4 spell: Summon Ice Beast
  4753 | D:8      | Reached skill level 7 in Summonings
  4912 | Temple   | Fell from the grace of Elyvilon
  4912 | Temple   | Became a worshipper of Zin the Law-Giver
  4912 | Temple   | Acquired Zin's first power
  4959 | D:5      | Reached skill level 1 in Hexes
  5218 | D:5      | Found a shimmering altar of Xom.
  5529 | D:7      | Reached skill level 1 in Ice Magic
  5597 | D:8      | Noticed a hippogriff
  5621 | D:8      | Killed a hippogriff
  5621 | D:8      | Reached skill level 5 in Spellcasting
  6199 | D:8      | Slain by a killer bee

Action                   |  1- 3 |  4- 6 |  7- 9 || total
-------------------------+-------+-------+-------++-------
Melee: Unarmed           |    15 |       |       ||    15
       Spear             |     7 |    74 |   153 ||   234
 Cast: Summon Small Mamm |    24 |     1 |     3 ||    28
       Call Imp          |    19 |    27 |       ||    46
       Call Canine Famil |     5 |    28 |    38 ||    71
       Summon Lightning  |       |     3 |    24 ||    27
       Summon Guardian G |       |       |     6 ||     6
Invok: Lesser Healing    |       |       |    13 ||    13
       Recite            |       |       |     2 ||     2
Evoke: Rod               |       |     1 |     4 ||     5
       Wand              |       |       |     1 ||     1
  Use: Scroll            |     4 |     6 |     4 ||    14
       Potion            |       |     6 |     3 ||     9
 Stab: Sleeping          |     1 |     1 |     4 ||     6
       Distracted        |       |     1 |     3 ||     4
